AoeStats
← Vilo41

Arena

509480628Analyzed
1v1 RM · 6d ago on Sep 26, 2026· 54m 21s· 2 players
Game mode
Random Map
Map size
Tiny (2 player)
Population
200
Speed
Normal
Resources
Standard
Victory
Conquest
Starting age
Dark Age
Ending age
Imperial Age
RankedLock teamsTeams togetherTeam positionsShared explorationLock speedFull tech treeHidden civsTurbo modeCheats
Victory
Defeat
🇦🇺 Bohemians · Australia
868
+18
🇻🇪 Franks · Venezuela
908
-51
Vilo41
11:01 Feudal Age
13:32 Double-Bit Axe
15:55 Wheelbarrow
15:34 Gold Mining
21:10 Castle Age
23:15 Hand Cart
27:46 Bow Saw
27:14 Pikeman
31:06 Imperial Age
29:14 Crossbowman
32:09 Guard Tower
33:04 Onager
34:47 Man-at-Arms
36:23 Ballistics
36:11 Light Cavalry
39:33 Arrowslits
40:43 Forging
43:29 Fletching
45:25 Fortified Wall
47:50 Treadmill Crane
49:18 Chemistry
53:38 Murder Holes
BigDaddy69
12:03 Feudal Age
12:48 Double-Bit Axe
12:44 Horse Collar
16:12 Castle Age
17:28 Bow Saw
20:32 Fervor
26:43 Chemistry
26:25 Loom
27:46 Pikeman
28:27 Squires
28:39 Forging
28:30 Scale Mail Armor
28:31 Padded Archer Armor
30:06 Iron Casting
29:24 Fletching
28:58 Elite Skirmisher
32:13 Wheelbarrow
35:30 Imperial Age
33:17 Hand Cart
33:09 Heavy Plow
33:34 Chain Mail Armor
33:14 Bodkin Arrow
33:35 Leather Archer Armor
36:19 Siege Engineers
35:52 Heavy Scorpion
37:39 Two-Man Saw
36:03 Halberdier
37:47 Blast Furnace
37:18 Plate Mail Armor
40:03 Town Watch
42:05 Arson
45:59 Town Patrol
45:52 Houfnice
48:16 Plate Mail Armor
48:19 Ring Archer Armor
47:50 Bracer
49:50 Wagenburg Tactics
50:07 Conscription
50:27 Ballistics
Connection lost

Rejoining the realm…

Still unreachable

The connection could not be restored.

Session expired

The server has moved on; the page needs a fresh start.